Map: El Dorado

Players

llllllllllll

  • Race: Zerg Zerg
  • Spawn Location: 7:00

wootwoot - Winner!

  • Race: Terran Terran
  • League: Platinum
  • Spawn Location: 5:00

VOD

Have the link to the VOD?

Description

Time

  • Played on: April 1, 2025, 8:23 p.m.
  • Length: 7:42
Show
View Real Time Build Order
Export as new Build Order

llllllllllll Zerg 

Build Orders: Hatch First 

Get SALT Encoding   

  12  0:00  Drone  
  13  0:09  Drone  
  14  0:17  Overlord  
  14  0:22  Extractor  
  14  0:24  Drone  
  15  0:35  Drone  
  15  0:36  Drone  
  17  0:51  Hatchery  
  17  0:55  Drone  
  17  1:01  Drone  
  18  1:09  Extractor  
  17  1:15  Spawning Pool  
  16  1:20  Drone  
  16  1:21  Drone  
  18  1:26  Drone  
  19  1:42  Overlord  
  19  1:48  Drone  
  20  2:03  Queen x2  
  20  2:07  Zergling x4  
  26  2:17  Metabolic Boost  
  26  2:20  Drone x3  
  29  2:31  Drone  
  29  2:32  Drone  
  29  2:35  Drone  
  32  2:46  Queen  
  32  2:49  Drone x2  
  36  2:56  Overlord  
  36  3:02  Hatchery  
  35  3:13  Overlord  
  35  3:15  Drone x4  
  35  3:17  Drone  
  40  3:34  Zergling x4  
  40  3:35  Zergling x4  
  40  3:41  Queen  
  44  3:44  Queen  
  48  3:56  Overlord  
  48  3:57  Overlord  
  48  3:58  Drone x4  
  52  4:20  Queen  
  52  4:21  Drone  
  52  4:22  Drone x4, Extractor  
  52  4:23  Drone x2  
  52  4:24  Extractor  
  59  4:28  Overlord x3  
  59  4:32  Roach Warren  
  56  4:49  Drone  
  56  4:50  Drone x7  
  62  4:54  Lair  
  62  4:58  Drone x6  
  68  5:12  Roach x4  
  76  5:14  Drone  
  77  5:22  Drone  
  77  5:23  Overlord  
  77  5:24  Overlord, Extractor  
  77  5:26  Extractor  
  76  5:30  Evolution Chamber  
  76  5:32  Drone x6  
  81  5:40  Overlord x2  
  81  5:45  Roach x2  
  81  5:46  Roach x2  
  89  5:54  Glial Reconstitution  
  89  5:55  Infestation Pit, Roach  
  89  5:56  Roach x2  
  92  6:00  Queen  
  92  6:01  Queen  
  96  6:06  Roach x4  
  96  6:07  Roach  
  96  6:10  Overlord  
  106  6:14  Roach x2  
  110  6:24  Ravager  
  105  6:27  Roach  
  105  6:28  Roach x4  
  103  6:48  Roach x9  
  111  6:58  Roach x4  
  104  7:15  Roach  
  94  7:16  Roach x4  
  92  7:23  Roach x3  
Show
View Real Time Build Order
Export as new Build Order

wootwoot Terran - Winner!

Build Orders: 2 Factory, Gas First Reaper Expand 

Get SALT Encoding   

  12  0:00  SCV  
  13  0:12  SCV  
  14  0:20  Supply Depot  
  14  0:24  SCV  
  15  0:29  Refinery  
  15  0:42  SCV  
  16  0:46  Barracks  
  16  0:54  SCV  
  17  1:06  SCV  
  18  1:18  SCV  
  19  1:33  Orbital Command, Reaper  
  20  1:47  Command Center  
  20  1:59  Factory  
  20  2:01  SCV  
  20  2:07  Refinery  
  21  2:09  Barracks Reactor  
  21  2:15  SCV  
  22  2:22  Supply Depot  
  22  2:27  SCV  
  23  2:44  SCV  
  24  2:52  Hellion x2  
  24  2:53  Factory  
  24  2:56  SCV  
  29  3:00  Orbital Command  
  29  3:04  Barracks Tech Lab  
  29  3:08  SCV  
  30  3:17  Hellion  
  30  3:18  Hellion  
  34  3:20  SCV  
  35  3:28  SCV  
  35  3:32  SCV  
  37  3:42  Mag-Field Accelerator, Cyclone  
  37  3:43  SCV  
  37  3:44  SCV  
  42  3:52  Supply Depot  
  42  3:53  Supply Depot  
  42  3:55  SCV  
  42  3:56  SCV  
  44  4:08  Factory x2  
  44  4:10  SCV x2  
  46  4:18  Factory  
  46  4:22  SCV x2  
  48  4:26  Refinery  
  48  4:27  Refinery  
  48  4:34  SCV x2, Cyclone  
  52  4:46  SCV  
  52  4:50  SCV  
  54  4:54  Factory Tech Lab x2  
  54  4:58  SCV  
  55  5:02  Factory Reactor  
  55  5:04  Hellion x2  
  55  5:06  SCV  
  60  5:10  SCV  
  61  5:14  Cyclone  
  64  5:21  Infernal Pre-Igniter  
  64  5:22  SCV  
  64  5:24  Cyclone  
  68  5:30  Cyclone  
  71  5:36  Hellion x2  
  71  5:38  Hellion  
  71  5:39  Hellion  
  79  5:43  Supply Depot  
  79  5:57  Cyclone x2  
  85  6:05  Supply Depot, Cyclone  
  85  6:09  Supply Depot  
  88  6:11  Supply Depot  
  88  6:29  Cyclone x2  
  88  6:30  Hellion x2  
  88  6:31  Hellion  
  100  6:37  Cyclone  
  101  6:43  Hellion  
  101  6:52  Hellion  
  103  6:59  Hellion x2  
  105  7:01  Cyclone x2  
  107  7:09  Cyclone  
  106  7:18  Hellion x2  
Tags
 
Add a new tag
Caveats
  • Supply blocks, unpowered buildings, or Contaminate may cause inaccurate times.
  • Supply counts are checked every 10 seconds.